 Dungeon Crawl Stone Soup version 0.21.1-1-g345015f (webtiles) character file.

3205 kae the Carver (level 9, 0/81 HPs)
             Began as a Minotaur Fighter on Mar 8, 2018.
             Slain by a hornet (13 damage)
             ... in the Ecumenical Temple on Mar 31, 2018.
             The game lasted 00:12:34 (5796 turns).

kae the Carver (Minotaur Fighter)                   Turns: 5796, Time: 00:12:35

Health: 0/81       AC:  8    Str: 21    XL:     9   Next: 65%
Magic:  8/8        EV:  8    Int:  9    God:
Gold:   380        SH: 15    Dex: 11    Spells: 8/8 levels left

rFire    x . .     SeeInvis +   q - +2 falchion (slice)
rCold    + . .     Gourm    .   c - +0 shield
rNeg     . . .     Faith    .   b - +0 scale mail
rPois    .         Spirit   .   (helmet restricted)
rElec    .         Reflect  +   (no cloak)
rCorr    .         Harm     .   (no gloves)
MR       .....                  (no boots)
Stlth    ..........             j - +4 amulet of reflection
HPRegen  0.23/turn              o - ring of ice
MPRegen  0.11/turn              (no ring)

@: very slightly contaminated, slowed, very slow
A: retaliatory headbutt, horns 2, see invisible, clever 1
a: no special abilities


You were in the Ecumenical Temple.
You were not hungry.

You visited 2 branches of the dungeon, and saw 8 of its levels.

You collected 380 gold pieces.

Inventory:

Hand Weapons
 a - a +1 long sword
 q - a +2 falchion of slicing (weapon)
Armour
 b - a +0 scale mail (worn)
 c - a +0 shield (worn)
Jewellery
 j - a +4 amulet of reflection (around neck)
 o - a ring of ice (left hand)
Wands
 d - a wand of random effects (13)
 i - a wand of paralysis (10)
Scrolls
 g - 3 scrolls of remove curse
 h - a scroll of blinking
 m - 2 scrolls of magic mapping
 p - 2 scrolls of enchant armour
Potions
 e - 2 potions of magic
 l - a potion of cancellation
 r - a potion of mutation
Comestibles
 f - 15 rations


   Skills:
 + Level 8.2 Fighting
 * Level 10.5 Long Blades
 + Level 8.1 Armour
 + Level 8.2 Shields


You had 8 spell levels left.
You didn't know any spells.

Dungeon Overview and Level Annotations

Branches:
Dungeon (7/15)             Temple (1/1) D:7

Altars:
Ashenzari
Cheibriados
Dithmenos
Elyvilon
Fedhas
Hepliaklqana
Makhleb
Sif Muna
Trog
Uskayaw
Xom
Zin
The Shining One

Shops:
D:6 =

Annotations:
D:7 Joseph


Innate Abilities, Weirdness & Mutations

You reflexively headbutt those who attack you in melee.
You have a pair of horns on your head.
You have supernaturally acute eyesight. (SInv)
Your mind is acute. (Int +2)


Message History

The hornet is heavily wounded.
* * * LOW HITPOINT WARNING * * *
You feel very sick.
The hornet stings you but does no damage.
The hornet stings you!
* * * LOW HITPOINT WARNING * * *
You feel as though you will be slow longer.
Okay, then.
Blink to where?
Press: ? - help, Dir - move target cursor You are very lightly contaminated with residual magic.
As you read the scroll of blinking, it crumbles to dust.
* * * LOW HITPOINT WARNING * * *
You feel very sick.
You open the door.
* * * LOW HITPOINT WARNING * * *
You feel very sick.
Found a white marble altar of Elyvilon.
You feel better. The hornet stings you!
You die...

≈≈.........##
.......<....#
............##
#............#
####.........#
#####.......##
##...##.......#
#.....#y......#
#.._..'@.......
#.....#.......#
##... #.......8
### #.......#
#........
#.......#
+.......8
#.......#


You could see a hornet.

Vanquished Creatures
  An unseen horror (D:6)
  A hippogriff (D:7)
  The ghost of Totori the Shield-Bearer, an amateur DrFi of Yredelemnul (D:4)
  Eustachio (D:3)
  Menkaure (D:4)
  4 ice beasts
  A black bear (D:6)
  A sky beast (D:7)
  An ogre (D:5)
  A centaur (D:6)
  Blork the orc (D:4)
  A wyvern zombie (D:7)
  3 bullfrogs
  A scorpion (D:5)
  3 killer bees (D:7)
  The ghost of Totori the Firebug, a weakling DrFE (D:3)
  A jelly (D:5)
  A crimson imp (D:7)
  2 howler monkeys
  3 bullfrog zombies
  3 hounds
  An orc priest (D:5)
  3 orc wizards
  Ijyb (D:4)
  4 worker ants
  2 hound zombies
  Robin (D:3)
  A howler monkey skeleton (D:4)
  7 adders
  3 shadow imps
  An ooze (D:1)
  An adder skeleton (D:6)
  6 worms
  2 dart slugs
  5 leopard geckos
  11 orcs
  A ball python (D:3)
  7 bats
  6 giant cockroaches
  16 goblins
  5 hobgoblins
  9 jackals
  6 quokkas
  7 frilled lizards
  A jackal skeleton (D:5)
  8 kobolds
  10 rats
158 creatures vanquished.

Notes
Turn   | Place    | Note
-------+----------+-------------------------------------------
     0 | D:1      | kae the Minotaur Fighter began the quest for the Orb.
     0 | D:1      | Reached XP level 1. HP: 19/19 MP: 0/0
    72 | D:1      | Reached XP level 2. HP: 26/27 MP: 1/1
   157 | D:1      | Reached skill level 3 in Long Blades
   403 | D:1      | Reached XP level 3. HP: 33/33 MP: 2/2
   607 | D:2      | Reached XP level 4. HP: 36/40 MP: 3/3
   657 | D:2      | Found a snail-covered altar of Cheibriados.
   750 | D:2      | Found a shattered altar of Ashenzari.
   979 | D:2      | Reached skill level 4 in Long Blades
  1217 | D:3      | Noticed Robin
  1234 | D:3      | Reached XP level 5. HP: 32/47 MP: 4/4
  1255 | D:3      | Killed Robin
  1785 | D:3      | Noticed a moth of wrath
  1788 | D:3      | Found a bloodstained altar of Trog.
  1925 | D:3      | Noticed Totori's ghost (weakling DrFE)
  1935 | D:3      | Killed Totori's ghost
  1995 | D:4      | Reached skill level 5 in Long Blades
  1998 | D:4      | Noticed Eustachio
  2012 | D:3      | Reached XP level 6. HP: 35/55 MP: 5/5
  2146 | D:3      | Killed Eustachio
  2146 | D:3      | Reached skill level 5 in Fighting
  2146 | D:3      | Reached skill level 5 in Armour
  2146 | D:3      | Reached skill level 5 in Shields
  2389 | D:4      | Noticed Totori's ghost (amateur DrFi)
  2408 | D:4      | Gained mutation: You have supernaturally acute eyesight. (SInv) [potion of mutation]
  2408 | D:4      | Gained mutation: Your mind is acute. (Int +2) [potion of mutation]
  2412 | D:4      | Killed Totori's ghost
  2412 | D:4      | Reached skill level 6 in Long Blades
  2412 | D:4      | Reached XP level 7. HP: 53/61 MP: 6/6
  2498 | D:4      | Noticed Blork the orc
  2514 | D:4      | Killed Blork the orc
  2676 | D:4      | Noticed Menkaure
  2686 | D:4      | Killed Menkaure
  2764 | D:4      | Noticed Ijyb
  2795 | D:4      | Killed Ijyb
  2859 | D:4      | Found a hide-covered altar of Uskayaw.
  2859 | D:4      | Found a glowing golden altar of the Shining One.
  2867 | D:4      | Reached skill level 7 in Long Blades
  3129 | D:5      | Entered Level 5 of the Dungeon
  3302 | D:5      | Reached XP level 8. HP: 50/70 MP: 7/7
  3673 | D:5      | Found a shimmering altar of Xom.
  4011 | D:6      | Reached skill level 8 in Long Blades
  4074 | D:6      | Found a shadowy altar of Dithmenos.
  4139 | D:6      | Found Bimu's Jewellery Shoppe.
  4155 | D:6      | Found a hazy altar of Hepliaklqana.
  4176 | D:6      | Noticed an unseen horror
  4176 | D:6      | Found a burning altar of Makhleb.
  4201 | D:6      | Killed an unseen horror
  4201 | D:6      | Reached skill level 9 in Long Blades
  4201 | D:6      | Reached XP level 9. HP: 38/79 MP: 8/8
  4408 | D:6      | Found a glowing silver altar of Zin.
  4408 | D:6      | Noticed an angel
  4409 | D:6      | Noticed a cacodemon
  4834 | D:6      | Found a deep blue altar of Sif Muna.
  5009 | D:7      | Reached skill level 10 in Long Blades
  5253 | D:7      | Found a blossoming altar of Fedhas.
  5330 | D:7      | Noticed Joseph
  5769 | D:7      | Found a staircase to the Ecumenical Temple.
  5786 | Temple   | Entered the Ecumenical Temple
  5790 | Temple   | Paralysed by a hornet for 3 turns
  5795 | Temple   | HP: 4/81 [poisoned by a hornet]
  5796 | Temple   | Slain by a hornet

Skill      XL: |  1  2  3  4  5  6  7  8  9 |
---------------+----------------------------+-----
Fighting       | 4 5 6 7 8 |  8.2
Long Blades    | 3 4 5 6 7 9 10 | 10.5
Armour         | 4 5 6 7 8 |  8.1
Shields        | 4 5 6 7 8 |  8.2

Action                   |  1- 3 |  4- 6 |  7- 9 || total
-------------------------+-------+-------+-------++-------
Melee: Long sword        |    52 |   182 |   187 ||   421
       Headbutt          |    12 |    24 |    62 ||    98
       Falchion          |       |       |    87 ||    87
Evoke: Wand              |       |       |     1 ||     1
  Use: Potion            |       |     6 |     4 ||    10
       Scroll            |       |       |    16 ||    16
  Eat: Chunk             |       |     5 |     9 ||    14
       Ration            |       |       |     1 ||     1
Armor: Scale mail        |    26 |    89 |    66 ||   181
Dodge: Dodged            |    20 |    37 |    60 ||   117
Block: Shield            |    45 |    97 |   141 ||   283
       Rpst.: Long sword |     9 |     9 |    12 ||    30
       Falchion          |       |       |     4 ||     4
